AoeStats
← Sommmm

Arena

509253747Analyzed
3v3 RM · 6d ago on Sep 26, 2026· 83m 29s· 6 players
Game mode
Random Map
Map size
Normal (6 player)
Population
200
Speed
Normal
Resources
Standard
Victory
Conquest
Starting age
Dark Age
Ending age
Imperial Age
RankedLock teamsTeams togetherTeam positionsShared explorationLock speedFull tech treeHidden civsTurbo modeCheats
Victory
Defeat
🇦🇷 Bulgarians · Argentina
725
+36
🇨🇱 Spanish · Chile
700
+18
🇦🇷 Britons · Argentina
516
+26
🇨🇦 Vietnamese · Canada
786
-22
🇨🇦 Bohemians · Canada
778
-22
🇨🇦 Byzantines · Canada
651
-17
Rey Sombra
5:50 Loom
10:42 Feudal Age
14:15 Double-Bit Axe
19:10 Castle Age
26:27 Horse Collar
45:56 Imperial Age
43:42 Bow Saw
44:11 Wheelbarrow
43:32 Gold Mining
43:33 Stone Mining
49:46 Hand Cart
49:16 Town Watch
51:20 Scale Barding Armor
51:21 Scale Mail Armor
51:33 Forging
52:26 Heavy Plow
52:33 Town Patrol
53:43 Gold Shaft Mining
53:43 Stone Shaft Mining
53:34 Chain Barding Armor
55:08 Elite Konnik
58:17 Plate Barding Armor
57:57 Chain Mail Armor
61:29 Plate Mail Armor
61:34 Iron Casting
61:04 Pikeman
61:47 Squires
71:34 Halberdier
74:01 Blast Furnace
81:07 Arson
81:08 Gambesons
83:37 Caravan
Chafalote
0:29 Loom
10:21 Feudal Age
10:53 Double-Bit Axe
11:15 Horse Collar
18:52 Padded Archer Armor
21:34 Castle Age
19:46 Fletching
21:40 Forging
21:31 Scale Mail Armor
21:37 Scale Barding Armor
23:13 Bow Saw
23:09 Heavy Plow
26:16 Crossbowman
27:52 Leather Archer Armor
31:15 Bodkin Arrow
36:00 Imperial Age
36:49 Yeomen
37:22 Conscription
38:57 Caravan
40:22 Husbandry
44:01 Cavalier
47:28 Elite Longbowman
50:45 Ballistics
51:27 Chemistry
50:19 Stone Mining
50:20 Gold Mining
51:40 Squires
52:20 Wheelbarrow
54:53 Warwolf
56:00 Bracer
56:31 Ring Archer Armor
56:37 Iron Casting
56:18 Chain Mail Armor
60:57 Hand Cart
61:59 Two-Man Saw
60:56 Pikeman
71:43 Elite Skirmisher
LobosF
0:43 Loom
12:12 Feudal Age
19:59 Castle Age
18:05 Man-at-Arms
19:56 Horse Collar
20:03 Double-Bit Axe
20:52 Town Watch
23:28 Fletching
24:35 Padded Archer Armor
27:08 Gold Mining
29:36 Wheelbarrow
33:55 Bodkin Arrow
35:52 Long Swordsman
36:19 Arson
36:35 Squires
38:07 Forging
38:13 Leather Archer Armor
39:00 Murder Holes
43:37 Heavy Plow
45:37 Husbandry
45:48 Bloodlines
45:49 Scale Barding Armor
46:34 Ballistics
57:39 Imperial Age
55:29 Hand Cart
55:19 Caravan
55:32 Stone Mining
59:32 Bracer
59:54 Chain Barding Armor
60:05 Ring Archer Armor
60:10 Iron Casting
60:00 Conscription
60:27 Pikeman
60:27 Two-Handed Swordsman
60:44 Capped Ram
62:40 Chemistry
63:00 Champion
63:02 Halberdier
66:12 Siege Ram
74:48 Onager
77:08 Elite Conquistador
78:06 Light Cavalry
82:24 Hussar
delballer
11:03 Feudal Age
13:01 Double-Bit Axe
14:15 Horse Collar
19:48 Castle Age
31:13 Wagenburg Tactics
38:56 Imperial Age
39:37 Ballistics
40:18 Chemistry
40:17 Bow Saw
42:24 Houfnice
42:40 Light Cavalry
49:50 Elite Hussite Wagon
Sommmm
11:56 Feudal Age
11:19 Loom
13:15 Wheelbarrow
12:55 Horse Collar
16:50 Double-Bit Axe
23:52 Castle Age
25:46 Hand Cart
28:10 Heavy Plow
29:20 Bow Saw
30:19 Elite Skirmisher
31:46 Forging
31:36 Scale Mail Armor
31:37 Padded Archer Armor
31:27 Fletching
37:00 Fortified Wall
37:11 Ballistics
40:42 Imperial Age
39:34 Iron Casting
39:05 Scale Barding Armor
40:40 Chain Mail Armor
40:40 Leather Archer Armor
41:24 Chain Barding Armor
41:08 Gold Mining
41:08 Stone Mining
43:15 Chemistry
43:33 Plate Mail Armor
43:34 Ring Archer Armor
42:59 Bodkin Arrow
43:53 Gold Shaft Mining
43:54 Stone Shaft Mining
44:02 Ring Archer Armor
42:55 Cavalier
43:36 Husbandry
43:12 Imperial Skirmisher
43:18 Pikeman
43:59 Squires
44:09 Caravan
44:40 Coinage
44:23 Guilds
45:29 Two-Man Saw
45:02 Crop Rotation
47:11 Paladin
49:11 Murder Holes
48:58 Treadmill Crane
49:57 Plate Barding Armor
49:22 Bracer
49:35 Thumb Ring
49:02 Halberdier
49:29 Arson
49:31 Gambesons
52:25 Banking
ODonConfidence
12:43 Feudal Age
11:00 Loom
13:55 Town Watch
18:32 Castle Age
16:27 Double-Bit Axe
17:27 Horse Collar
20:04 Bow Saw
21:54 Fletching
26:27 Bodkin Arrow
26:16 Pikeman
28:11 Wheelbarrow
29:25 Padded Archer Armor
29:23 Man-at-Arms
31:00 Long Swordsman
35:05 Forging
39:40 Imperial Age
38:04 Murder Holes
38:43 Ballistics
40:46 Gold Mining
44:39 Chemistry
43:48 Siege Engineers
60:53 Hand Cart
60:54 Elite Rattan Archer
63:35 Two-Man Saw
62:54 Stone Mining
67:36 Halberdier
68:18 Squires
70:09 Heavy Plow
72:16 Hoardings
72:02 Scale Barding Armor
72:43 Bracer
73:29 Iron Casting
73:39 Leather Archer Armor
78:22 Paper Money
78:56 Scale Mail Armor
79:46 Elite Skirmisher
80:31 Thumb Ring
82:55 Chain Mail Armor
Connection lost

Rejoining the realm…

Still unreachable

The connection could not be restored.

Session expired

The server has moved on; the page needs a fresh start.